AAA WEST
SALT LAKE BEES @ LAS VEGAS AVIATORS
04/19/2042
 
TOP OF THE 1ST
Salt Lake Bees batting - Pitching for Las Vegas Aviators : LHP Jesús Romo
Pitching: LHP Jesús Romo
Batting: LHB Raúl Vásquez 0-0: Foul Ball, location: 5FF
0-1: Ball
1-1: Swinging Strike
1-2: Foul Ball, location: 2F
1-2: SINGLE (Groundball, 34D, EV 105.0 MPH)
Batting: RHB Danny Dodds 0-0: Called Strike
0-1: Ball
1-1: Ball
2-1: SINGLE (Line Drive, 34D, EV 91.9 MPH)
Raúl Vásquez to second
Runner from 2nd tries for 3rd, SAFE, throw by RF made to third
Now in RF: Caleb Banks
Batting: LHB Joe Taylor 0-0: Called Strike
0-1: Foul Ball, location: 7LDF
0-2: Ball
1-2: Strikes out swinging
Batting: RHB Erik Lane 0-0: Ball
1-0: Ball
2-0: Fly out, F8 (Flyball, 8LD, EV 94.4 MPH)
Runner from 3rd tags up, SCORES, no throw by CF
Batting: LHB Chris Smith 0-0: Ball
1-0: Called Strike
1-1: Ball
2-1: Ball
3-1: Swinging Strike
3-2: SINGLE (Groundball, 3D, EV 100.6 MPH) (infield hit)
Danny Dodds to second
Pitching: RHP Tomás Jaramillo
Batting: RHB António Martínez 0-0: Called Strike
0-1: Swinging Strike
0-2: Ball
1-2: Strikes out looking
Top of the 1st over - 1 run, 3 hits, 0 errors, 2 left on base; Salt Lake 1 - Las Vegas 0
BOTTOM OF THE 1ST
Las Vegas Aviators batting - Pitching for Salt Lake Bees : RHP Bob Browne
Pitching: RHP Bob Browne
Batting: RHB Luis De La Cruz 0-0: Swinging Strike
0-1: SINGLE (Groundball, 15S, EV 72.5 MPH) (infield hit)
Batting: LHB Caleb Banks 0-0: Ball
Luis De La Cruz steals 2nd base
1-0: Called Strike
Luis De La Cruz is caught stealing 3rd base 2-5
1-1: Bunted foul
1-2: Ball
2-2: Foul Ball, location: 7LSF
2-2: SINGLE (Groundball, 34S, EV 70.0 MPH) (infield hit)
Batting: RHB Danny Adkins 0-0: Called Strike
Caleb Banks steals 2nd base
0-1: Ball
1-1: Swinging Strike
1-2: Ground out 4-3 (Groundball, 4, EV 68.1 MPH)
Caleb Banks to third
Batting: SHB Jimmy Beard 0-0: Called Strike
0-1: Ground out 4-3 (Groundball, 4D, EV 107.5 MPH)
Bottom of the 1st over - 0 runs, 2 hits, 0 errors, 1 left on base; Salt Lake 1 - Las Vegas 0
TOP OF THE 2ND
Salt Lake Bees batting - Pitching for Las Vegas Aviators : RHP Tomás Jaramillo
Batting: RHB António Gaona 0-0: Called Strike
0-1: Foul Ball, location: 2F
0-2: Ball
1-2: SINGLE (Groundball, 56S, EV 70.6 MPH) (infield hit)
Batting: LHB Randy O'Day 0-0: Bunted foul
0-1: Sac Bunt to 13S - play at first, batter OUT! 1-3
António Gaona to second
Batting: RHB Randy Greenway 0-0: Ball
1-0: Ball
2-0: Called Strike
2-1: Foul Ball, location: 25F
2-2: Foul Ball, location: 9LSF
2-2: Ball
3-2: Foul Ball, location: 9LSF
3-2: Ground out 6-3 (Groundball, 4MD, EV 104.4 MPH)
Batting: LHB Raúl Vásquez 0-0: Ball
1-0: Called Strike
1-1: Ball
2-1: Ball
3-1: Base on Balls
Batting: RHB Danny Dodds 0-0: Ball
1-0: Foul Ball, location: 5F
1-1: Called Strike
1-2: Strikes out swinging
Top of the 2nd over - 0 runs, 1 hit, 0 errors, 2 left on base; Salt Lake 1 - Las Vegas 0
BOTTOM OF THE 2ND
Las Vegas Aviators batting - Pitching for Salt Lake Bees : RHP Bob Browne
Batting: LHB Dane Edgar 0-0: Ball
1-0: Fly out, F9 (Flyball, 89M, EV 92.5 MPH)
Batting: RHB Chris Walker 0-0: Called Strike
0-1: Ball
1-1: Ball
2-1: Foul Ball, location: 5F
2-2: Ball
3-2: Foul Ball, location: 2F
3-2: Base on Balls
Batting: LHB Doug Park 0-0: Ball
1-0: Ground out 4-3 (Groundball, 34D, EV 102.5 MPH)
Chris Walker to second
Batting: SHB Mitch Wagner 0-0: Called Strike
0-1: Ball
Wild Pitch!
Chris Walker to third
1-1: Reached on error, E6 (Groundball, 56, EV 79.4 MPH)
Chris Walker scores
Batting: RHB Ed Brown 0-0: Called Strike
0-1: Fielders Choice at 2nd, 5-4 (Groundball, 56, EV 98.8 MPH)
Bottom of the 2nd over - 1 run, 0 hits, 1 error, 1 left on base; Salt Lake 1 - Las Vegas 1
TOP OF THE 3RD
Salt Lake Bees batting - Pitching for Las Vegas Aviators : RHP Tomás Jaramillo
Batting: LHB Joe Taylor 0-0: Ground out U3 (Groundball, 3, EV 87.5 MPH)
Batting: RHB Erik Lane 0-0: Swinging Strike
0-1: Swinging Strike
0-2: Strikes out swinging
Batting: LHB Chris Smith 0-0: Ball
1-0: Ground out 6-3 (Groundball, 6, EV 80.0 MPH)
Top of the 3rd over - 0 runs, 0 hits, 0 errors, 0 left on base; Salt Lake 1 - Las Vegas 1
BOTTOM OF THE 3RD
Las Vegas Aviators batting - Pitching for Salt Lake Bees : RHP Bob Browne
Batting: RHB Luis De La Cruz 0-0: Ground out 6-3 (Groundball, 6, EV 91.9 MPH)
Batting: LHB Caleb Banks 0-0: Foul Ball, location: 3DF
0-1: Ball
1-1: Called Strike
1-2: Strikes out swinging
Batting: RHB Danny Adkins 0-0: Ball
1-0: Ball
2-0: Called Strike
2-1: Called Strike
2-2: SINGLE (Line Drive, 78S, EV 103.8 MPH)
Batting: SHB Jimmy Beard 0-0: Called Strike
0-1: Ball
Danny Adkins is caught stealing 2nd base 2-6
Bottom of the 3rd over - 0 runs, 1 hit, 0 errors, 0 left on base; Salt Lake 1 - Las Vegas 1
TOP OF THE 4TH
Salt Lake Bees batting - Pitching for Las Vegas Aviators : RHP Tomás Jaramillo
Batting: RHB António Martínez 0-0: Ball
1-0: Called Strike
1-1: Foul Ball, location: 7LMF
1-2: Foul Ball, location: 9LSF
1-2: Ball
2-2: Strikes out swinging
Batting: RHB António Gaona 0-0: Swinging Strike
0-1: SINGLE (Line Drive, 34D, EV 96.3 MPH)
Batting: LHB Randy O'Day 0-0: Ball
1-0: Ball
2-0: Ball
3-0: Base on Balls
António Gaona to second
Batting: RHB Randy Greenway 0-0: Called Strike
0-1: Swinging Strike
Passed Ball!
António Gaona to third
Randy O'Day to second
0-2: Foul Ball, location: 9LDF
0-2: Fly out, F7 (Flyball, 7S, EV 90.0 MPH)
Batting: LHB Raúl Vásquez 0-0: Ball
1-0: Ball
2-0: Ball
3-0: Called Strike
3-1: Called Strike
3-2: Foul Ball, location: 2F
3-2: Foul Ball, location: 7LMF
3-2: Ground out 4-3 (Groundball, 4, EV 81.9 MPH)
Top of the 4th over - 0 runs, 1 hit, 0 errors, 2 left on base; Salt Lake 1 - Las Vegas 1
BOTTOM OF THE 4TH
Las Vegas Aviators batting - Pitching for Salt Lake Bees : RHP Bob Browne
Batting: SHB Jimmy Beard 0-0: Ball
1-0: Ball
2-0: Called Strike
2-1: Ball
3-1: Base on Balls
Batting: LHB Dane Edgar 0-0: Called Strike
0-1: Foul Ball, location: 3FF
0-2: Fly out, F6 (Popup, 6MD, EV 45.0 MPH)
Batting: RHB Chris Walker 0-0: Foul Ball, location: 2F
0-1: Ball
1-1: SINGLE (Groundball, 56D, EV 108.1 MPH)
Jimmy Beard to second
Batting: LHB Doug Park 0-0: Ball
1-0: Ball
2-0: Ball
3-0: Called Strike
3-1: Fly out, F8 (Flyball, 89D, EV 104.4 MPH)
Runner from 2nd tags up, SAFE at 3rd, no throw by CF
Batting: SHB Mitch Wagner 0-0: Ground out 4-3 (Groundball, 34, EV 87.5 MPH)
Bottom of the 4th over - 0 runs, 1 hit, 0 errors, 2 left on base; Salt Lake 1 - Las Vegas 1
TOP OF THE 5TH
Salt Lake Bees batting - Pitching for Las Vegas Aviators : RHP Tomás Jaramillo
Batting: RHB Danny Dodds 0-0: Called Strike
0-1: Ball
1-1: Swinging Strike
1-2: Strikes out looking
Batting: LHB Joe Taylor 0-0: SOLO HOME RUN (Flyball, 89XD, EV 104.4 MPH), Distance : 418 ft
Batting: RHB Erik Lane 0-0: Called Strike
0-1: Foul Ball, location: 23F
0-2: Ball
1-2: Ball
2-2: SINGLE (Groundball, 5S, EV 67.5 MPH) (infield hit)
Batting: LHB Chris Smith 0-0: Ball
1-0: Grounds into double play, 6-4-3 (Groundball, 6, EV 89.4 MPH)
Top of the 5th over - 1 run, 2 hits, 0 errors, 0 left on base; Salt Lake 2 - Las Vegas 1
BOTTOM OF THE 5TH
Las Vegas Aviators batting - Pitching for Salt Lake Bees : RHP Bob Browne
Batting: RHB Ed Brown 0-0: Ball
1-0: Ball
2-0: Ball
3-0: Called Strike
3-1: Fly out, F7 (Flyball, 78S, EV 90.6 MPH)
Batting: RHB Luis De La Cruz 0-0: Swinging Strike
0-1: Swinging Strike
0-2: Foul Ball, location: 9LSFF
0-2: Fly out, F9 (Flyball, 89D, EV 107.5 MPH)
Batting: LHB Caleb Banks 0-0: Ball
1-0: Foul Ball, location: 9LDF
1-1: Swinging Strike
1-2: SINGLE (Groundball, 6M, EV 105.6 MPH) (infield hit)
Batting: RHB Danny Adkins 0-0: Fielders Choice at 2nd, 5-4 (Groundball, 56, EV 89.4 MPH)
Bottom of the 5th over - 0 runs, 1 hit, 0 errors, 1 left on base; Salt Lake 2 - Las Vegas 1
TOP OF THE 6TH
Salt Lake Bees batting - Pitching for Las Vegas Aviators : RHP Tomás Jaramillo
Batting: RHB António Martínez 0-0: Ball
1-0: Ball
2-0: Called Strike
2-1: Ball
3-1: Foul Ball, location: 23FF
3-2: Base on Balls
Batting: RHB António Gaona 0-0: Bunted foul
0-1: Bunted foul
0-2: Fly out, F8 (Flyball, 8LD, EV 97.5 MPH)
Batting: LHB Randy O'Day 0-0: Called Strike
0-1: Ball
1-1: Ball
2-1: Grounds into double play, 4-6-3 (Groundball, 4, EV 90.6 MPH)
Top of the 6th over - 0 runs, 0 hits, 0 errors, 0 left on base; Salt Lake 2 - Las Vegas 1
BOTTOM OF THE 6TH
Las Vegas Aviators batting - Pitching for Salt Lake Bees : RHP Bob Browne
Batting: SHB Jimmy Beard 0-0: Ball
1-0: Ball
2-0: Foul Ball, location: 3FF
2-1: Foul Ball, location: 5SF
2-2: Fly out, F8 (Flyball, 8LD, EV 108.8 MPH)
Batting: LHB Dane Edgar 0-0: Ball
1-0: Ball
2-0: Ball
3-0: Base on Balls
Batting: RHB Chris Walker 0-0: Called Strike
0-1: Ball
1-1: Swinging Strike
1-2: Foul Ball, location: 25F
1-2: Ball
2-2: Ball
3-2: Foul Ball, location: 9LSF
3-2: TRIPLE (Flyball, 8LXD, EV 86.9 MPH)
Dane Edgar scores
Batting: LHB Doug Park 0-0: Ball
1-0: Ball
2-0: Swinging Strike
2-1: DOUBLE (Flyball, 78XD, EV 94.4 MPH)
Chris Walker scores
Pitching: RHP Ken Davenport
Batting: SHB Mitch Wagner 0-0: Ball
1-0: Called Strike
1-1: Ball
2-1: Foul Ball, location: 2F
2-2: Ball
3-2: Foul Ball, location: 3FF
3-2: Ground out 6-3 (Groundball, 56, EV 82.5 MPH)
Batting: RHB Ed Brown 0-0: Ball
1-0: SINGLE (Groundball, 6MD, EV 95.0 MPH)
Doug Park to third
Runner from 3rd tries for Home, throw by CF and OUT! 8-2
Bottom of the 6th over - 2 runs, 3 hits, 0 errors, 1 left on base; Salt Lake 2 - Las Vegas 3
TOP OF THE 7TH
Salt Lake Bees batting - Pitching for Las Vegas Aviators : RHP Tomás Jaramillo
Batting: RHB Randy Greenway 0-0: Ball
1-0: Ball
2-0: Ball
3-0: Called Strike
3-1: Called Strike
3-2: Foul Ball, location: 9LSF
3-2: Strikes out swinging
Batting: LHB Raúl Vásquez 0-0: Ball
1-0: Ball
2-0: Ball
3-0: Called Strike
3-1: Base on Balls
Batting: RHB Danny Dodds 0-0: Foul Ball, location: 2F
0-1: 2-RUN HOME RUN (Flyball, 89XD, EV 102.5 MPH), Distance : 421 ft
Batting: LHB Joe Taylor 0-0: Ball
1-0: Called Strike
1-1: Called Strike
1-2: Ball
2-2: Foul Ball, location: 7LMF
2-2: Foul Ball, location: 3FF
2-2: Foul Ball, location: 2F
2-2: Foul Ball, location: 2F
2-2: Hit by Pitch
Pitching: RHP Josh Howard
Batting: RHB Erik Lane 0-0: Called Strike
0-1: Foul Ball, location: 25F
0-2: Strikes out looking
Batting: LHB Chris Smith 0-0: Called Strike
Joe Taylor is caught stealing 2nd base 2-6
Top of the 7th over - 2 runs, 1 hit, 0 errors, 0 left on base; Salt Lake 4 - Las Vegas 3
BOTTOM OF THE 7TH
Las Vegas Aviators batting - Pitching for Salt Lake Bees : RHP Ken Davenport
Batting: RHB Luis De La Cruz 0-0: Called Strike
0-1: Ball
1-1: Ball
2-1: Ball
3-1: SINGLE (Groundball, 6M, EV 93.1 MPH) (infield hit)
Batting: LHB Caleb Banks 0-0: Ball
Luis De La Cruz steals 2nd base
1-0: Sac Bunt to 15S - play at first, batter OUT! 1-3
Luis De La Cruz to third
Pinch Hitting: LHB António González 0-0: Ball
1-0: Swinging Strike
1-1: DOUBLE (Line Drive, 5D, EV 94.4 MPH)
Luis De La Cruz scores
Batting: SHB Jimmy Beard 0-0: Foul Ball, location: 2F
0-1: Ball
1-1: Fly out, F4 (Popup, 13, EV 75.6 MPH)
Batting: LHB Dane Edgar 0-0: Ball
1-0: Called Strike
1-1: Called Strike
1-2: Foul Ball, location: 7LMF
1-2: Ball
2-2: Ball
3-2: Base on Balls
Pinch Runner at 2nd Charlie Cook:
Batting: RHB Chris Walker 0-0: Ball
1-0: Called Strike
1-1: Ball
2-1: Fielders Choice at 2nd, 5-4 (Groundball, 56, EV 89.4 MPH)
Bottom of the 7th over - 1 run, 2 hits, 0 errors, 2 left on base; Salt Lake 4 - Las Vegas 4
TOP OF THE 8TH
Salt Lake Bees batting - Pitching for Las Vegas Aviators : RHP Josh Howard
Now at 1B: Dane Edgar
Now in LF: Charlie Cook
Batting: LHB Chris Smith 0-0: Ball
1-0: Fly out, F7 (Flyball, 7, EV 93.8 MPH)
Batting: RHB António Martínez 0-0: Swinging Strike
0-1: Swinging Strike
0-2: Ball
1-2: Strikes out swinging
Batting: RHB António Gaona 0-0: Ball
1-0: Swinging Strike
1-1: Called Strike
1-2: Strikes out looking
Top of the 8th over - 0 runs, 0 hits, 0 errors, 0 left on base; Salt Lake 4 - Las Vegas 4
BOTTOM OF THE 8TH
Las Vegas Aviators batting - Pitching for Salt Lake Bees : RHP Ken Davenport
Batting: LHB Doug Park 0-0: Foul Ball, location: 3DF
0-1: Called Strike
0-2: Strikes out swinging
Batting: SHB Mitch Wagner 0-0: Ground out 6-3 (Groundball, 6, EV 102.5 MPH)
Pinch Hitting: SHB Esteban Martínez 0-0: Ball
1-0: Called Strike
1-1: Ball
2-1: Called Strike
2-2: Ground out 5-3 (Groundball, 5, EV 92.5 MPH)
Bottom of the 8th over - 0 runs, 0 hits, 0 errors, 0 left on base; Salt Lake 4 - Las Vegas 4
TOP OF THE 9TH
Salt Lake Bees batting - Pitching for Las Vegas Aviators : RHP Josh Howard
Now at C: Esteban Martínez
Batting: LHB Randy O'Day 0-0: Ball
1-0: Fly out, F8 (Flyball, 89M, EV 75.6 MPH)
Batting: RHB Randy Greenway 0-0: Swinging Strike
0-1: Foul Ball, location: 5F
0-2: Ball
1-2: Ball
2-2: Ball
3-2: Base on Balls
Batting: LHB Raúl Vásquez 0-0: Fly out, F9 (Line Drive, 9LS, EV 93.8 MPH)
Batting: RHB Danny Dodds 0-0: Fly out, F4 (Line Drive, 4, EV 64.4 MPH)
Top of the 9th over - 0 runs, 0 hits, 0 errors, 1 left on base; Salt Lake 4 - Las Vegas 4
BOTTOM OF THE 9TH
Las Vegas Aviators batting - Pitching for Salt Lake Bees : RHP Ken Davenport
Pitching: RHP César Soto
Batting: RHB Luis De La Cruz 0-0: Fly out, F3 (Popup, 34S, EV 78.1 MPH)
Batting: LHB Caleb Banks 0-0: Ball
1-0: Fly out, F8 (Flyball, 78D, EV 88.1 MPH)
Batting: LHB Charlie Cook 0-0: Called Strike
0-1: Called Strike
0-2: Fly out, F6 (Popup, 6S, EV 80.0 MPH)
Bottom of the 9th over - 0 runs, 0 hits, 0 errors, 0 left on base; Salt Lake 4 - Las Vegas 4
TOP OF THE 10TH
Salt Lake Bees batting - Pitching for Las Vegas Aviators : RHP Josh Howard
Batting: LHB Joe Taylor 0-0: Called Strike
0-1: Foul Ball, location: 3FF
0-2: Strikes out looking
Batting: RHB Erik Lane 0-0: Called Strike
0-1: Foul Ball, location: 2F
0-2: Ball
1-2: Ball
2-2: Ball
3-2: Base on Balls
Batting: LHB Chris Smith 0-0: DOUBLE (Flyball, 7LD, EV 111.3 MPH)
Erik Lane to third
Batting: RHB António Martínez 0-0: Called Strike
0-1: Called Strike
0-2: Strikes out swinging
Batting: RHB António Gaona 0-0: Fly out, F8 (Line Drive, 8LM, EV 107.5 MPH)
Top of the 10th over - 0 runs, 1 hit, 0 errors, 2 left on base; Salt Lake 4 - Las Vegas 4
BOTTOM OF THE 10TH
Las Vegas Aviators batting - Pitching for Salt Lake Bees : RHP César Soto
Pitching: RHP Jonathan Miller
Batting: SHB Jimmy Beard 0-0: Ball
1-0: Foul Ball, location: 2F
1-1: Called Strike
1-2: Ball
2-2: Ball
3-2: Foul Ball, location: 3FF
3-2: Fly out, F8 (Flyball, 8RM, EV 81.9 MPH)
Batting: LHB Dane Edgar 0-0: Ball
1-0: Ball
2-0: Fly out, F9 (Line Drive, 9S, EV 88.8 MPH)
Batting: RHB Chris Walker 0-0: Ball
1-0: Foul Ball, location: 7LMF
1-1: Foul Ball, location: 2F
1-2: Strikes out swinging
Bottom of the 10th over - 0 runs, 0 hits, 0 errors, 0 left on base; Salt Lake 4 - Las Vegas 4
TOP OF THE 11TH
Salt Lake Bees batting - Pitching for Las Vegas Aviators : RHP Josh Howard
Batting: LHB Randy O'Day 0-0: Ball
1-0: Called Strike
1-1: Ball
2-1: Ball
3-1: Called Strike
3-2: Foul Ball, location: 2F
3-2: Foul Ball, location: 7LSF
3-2: Base on Balls
Pitching: LHP Clint Lands
Batting: RHB Randy Greenway 0-0: Bunted foul
0-1: Bunt - Flyout to 15! F1
Batting: RHB Jorge Domínguez 0-0: Called Strike
0-1: Foul Ball, location: 2F
0-2: Grounds into double play, 5-4-3 (Groundball, 56S, EV 86.3 MPH)
Top of the 11th over - 0 runs, 0 hits, 0 errors, 0 left on base; Salt Lake 4 - Las Vegas 4
BOTTOM OF THE 11TH
Las Vegas Aviators batting - Pitching for Salt Lake Bees : RHP Jonathan Miller
Batting: LHB Doug Park 0-0: Swinging Strike
0-1: Fly out, F7 (Flyball, 7, EV 90.6 MPH)
Batting: SHB Mitch Wagner 0-0: Called Strike
0-1: Foul Ball, location: 2F
0-2: Ball
1-2: Foul Ball, location: 2F
1-2: Strikes out looking
Batting: SHB Esteban Martínez 0-0: Called Strike
0-1: Ball
1-1: Ball
2-1: Ball
3-1: Foul Ball, location: 7LDF
3-2: Strikes out swinging
Bottom of the 11th over - 0 runs, 0 hits, 0 errors, 0 left on base; Salt Lake 4 - Las Vegas 4
TOP OF THE 12TH
Salt Lake Bees batting - Pitching for Las Vegas Aviators : LHP Clint Lands
Batting: RHB Danny Dodds 0-0: Foul Ball, location: 2F
0-1: Fly out, F9 (Flyball, 89S, EV 86.9 MPH)
Pinch Hitting: RHB Max Sowerby 0-0: Ball
1-0: Called Strike
1-1: Ball
2-1: Foul Ball, location: 23F
2-2: Ball
3-2: Ground out 4-3 (Groundball, 4, EV 94.4 MPH)
Batting: RHB Erik Lane 0-0: Fly out, F7 (Line Drive, 7S, EV 92.5 MPH)
Top of the 12th over - 0 runs, 0 hits, 0 errors, 0 left on base; Salt Lake 4 - Las Vegas 4
BOTTOM OF THE 12TH
Las Vegas Aviators batting - Pitching for Salt Lake Bees : RHP Jonathan Miller
Now in RF: Max Sowerby
Batting: RHB Luis De La Cruz 0-0: Ball
1-0: SINGLE (Flyball, 89M, EV 92.5 MPH)
Batting: LHB Caleb Banks 0-0: SINGLE (Line Drive, 34, EV 101.9 MPH)
Luis De La Cruz to second
Batting: LHB Charlie Cook 0-0: Ball
1-0: Called Strike
1-1: Called Strike
1-2: Fielders Choice at 2nd, 5-4 (Groundball, 56S, EV 81.3 MPH)
Luis De La Cruz to third
Batting: SHB Jimmy Beard Pickoff Throw to First - Out! 1-3
0-0: Intentional Walk
Batting: LHB Dane Edgar 0-0: Ball
1-0: Foul Ball, location: 7LMF
1-1: Foul Ball, location: 5FF
1-2: Ball
2-2: Foul Ball, location: 25F
2-2: Ball
3-2: Base on Balls
Jimmy Beard to second
Pitching: RHP Andy Dunn
Batting: RHB Chris Walker 0-0: Ball
1-0: Called Strike
1-1: Foul Ball, location: 5F
1-2: Strikes out swinging
Bottom of the 12th over - 0 runs, 2 hits, 0 errors, 3 left on base; Salt Lake 4 - Las Vegas 4
TOP OF THE 13TH
Salt Lake Bees batting - Pitching for Las Vegas Aviators : LHP Clint Lands
Pinch Hitting: RHB Greg Scott 0-0: Called Strike
0-1: Swinging Strike
0-2: Strikes out looking
Batting: RHB António Martínez 0-0: Foul Ball, location: 25F
0-1: Foul Ball, location: 7LSFF
0-2: Ball
1-2: Ball
2-2: Strikes out swinging
Batting: RHB António Gaona 0-0: Ball
1-0: Ball
2-0: Ground out 5-3 (Groundball, 56S, EV 73.1 MPH)
Top of the 13th over - 0 runs, 0 hits, 0 errors, 0 left on base; Salt Lake 4 - Las Vegas 4
BOTTOM OF THE 13TH
Las Vegas Aviators batting - Pitching for Salt Lake Bees : RHP Andy Dunn
Now at SS: Phil Howard
Batting: LHB Doug Park 0-0: Called Strike
0-1: Ground out 4-3 (Groundball, 34, EV 104.4 MPH)
Batting: SHB Mitch Wagner 0-0: Ground out 4-3 (Groundball, 4, EV 102.5 MPH)
Batting: SHB Esteban Martínez 0-0: Foul Ball, location: 7LMF
0-1: Swinging Strike
0-2: Ball
1-2: Ball
2-2: Ball
3-2: Base on Balls
Batting: RHB Luis De La Cruz 0-0: Ball
1-0: Fly out, F9 (Flyball, 9LSF, EV 86.9 MPH)
Bottom of the 13th over - 0 runs, 0 hits, 0 errors, 1 left on base; Salt Lake 4 - Las Vegas 4
TOP OF THE 14TH
Salt Lake Bees batting - Pitching for Las Vegas Aviators : LHP Clint Lands
Pinch Hitting: RHB Beau Jones 0-0: Fly out, F9 (Line Drive, 9, EV 94.4 MPH)
Batting: RHB Randy Greenway 0-0: Ground out 5-3 (Groundball, 56S, EV 90.6 MPH)
Batting: RHB Jorge Domínguez 0-0: Called Strike
0-1: Ball
1-1: Fly out, F8 (Flyball, 8LD, EV 110.6 MPH)
Top of the 14th over - 0 runs, 0 hits, 0 errors, 0 left on base; Salt Lake 4 - Las Vegas 4
BOTTOM OF THE 14TH
Las Vegas Aviators batting - Pitching for Salt Lake Bees : RHP Andy Dunn
Now in CF: Beau Jones
Batting: LHB Caleb Banks 0-0: Called Strike
0-1: Swinging Strike
0-2: Reached on error, E4 (Groundball, 4, EV 106.3 MPH)
Batting: LHB Charlie Cook 0-0: Called Strike
Caleb Banks steals 2nd base (no throw)
0-1: Ball
1-1: Foul Ball, location: 25F
1-2: Fly out, F7 (Line Drive, 7LS, EV 93.1 MPH)
Batting: SHB Jimmy Beard 0-0: Intentional Walk
Batting: LHB Dane Edgar 0-0: Fly out, F8 (Flyball, 8LM, EV 95.0 MPH)
Batting: RHB Chris Walker 0-0: Swinging Strike
0-1: Called Strike
0-2: Strikes out swinging
Bottom of the 14th over - 0 runs, 0 hits, 1 error, 2 left on base; Salt Lake 4 - Las Vegas 4
TOP OF THE 15TH
Salt Lake Bees batting - Pitching for Las Vegas Aviators : LHP Clint Lands
Batting: RHB Danny Dodds 0-0: Called Strike
0-1: Ball
1-1: Ball
2-1: Swinging Strike
2-2: Ground out 5-3 (Groundball, 56, EV 87.5 MPH)
Batting: RHB Max Sowerby 0-0: Called Strike
0-1: Ball
1-1: Foul Ball, location: 3F
1-2: Foul Ball, location: 2F
1-2: Foul Ball, location: 9LMF
1-2: Ball
2-2: Foul Ball, location: 2LF
2-2: Fly out, F4 (Popup, 34, EV 77.5 MPH)
Batting: RHB Erik Lane 0-0: Called Strike
0-1: Called Strike
0-2: Fly out, F3 (Popup, 23F, EV 86.3 MPH)
Top of the 15th over - 0 runs, 0 hits, 0 errors, 0 left on base; Salt Lake 4 - Las Vegas 4
BOTTOM OF THE 15TH
Las Vegas Aviators batting - Pitching for Salt Lake Bees : RHP Andy Dunn
Batting: LHB Doug Park 0-0: Ball
1-0: Ground out 4-3 (Groundball, 4M, EV 108.8 MPH)
Batting: SHB Mitch Wagner 0-0: Ball
1-0: Swinging Strike
1-1: Foul Ball, location: 23FF
1-2: Foul Ball, location: 2F
1-2: Strikes out swinging
Pitching: RHP Willy Hernández
Batting: SHB Esteban Martínez 0-0: Ball
1-0: Ball
2-0: Ball
3-0: Base on Balls
Batting: RHB Luis De La Cruz 0-0: Called Strike
0-1: Fly out, F8 (Flyball, 8LD, EV 92.5 MPH)
Bottom of the 15th over - 0 runs, 0 hits, 0 errors, 1 left on base; Salt Lake 4 - Las Vegas 4
TOP OF THE 16TH
Salt Lake Bees batting - Pitching for Las Vegas Aviators : LHP Clint Lands
Batting: RHB Phil Howard 0-0: Ball
1-0: Ball
2-0: Called Strike
2-1: Foul Ball, location: 2F
2-2: Strikes out looking
Batting: RHB António Martínez 0-0: Ball
1-0: Foul Ball, location: 7LMF
1-1: Ball
2-1: Ground out 3-1 (Groundball, 34, EV 91.3 MPH)
Batting: RHB António Gaona 0-0: Ball
1-0: Ball
2-0: Foul Ball, location: 3DF
2-1: Ground out 6-3 (Groundball, 6, EV 107.5 MPH)
Top of the 16th over - 0 runs, 0 hits, 0 errors, 0 left on base; Salt Lake 4 - Las Vegas 4
BOTTOM OF THE 16TH
Las Vegas Aviators batting - Pitching for Salt Lake Bees : RHP Willy Hernández
Batting: LHB Caleb Banks 0-0: Ground out 5-3 (Groundball, 56, EV 85.0 MPH)
Batting: LHB Charlie Cook 0-0: Ball
1-0: Called Strike
1-1: Ball
2-1: Foul Ball, location: 3FF
2-2: Foul Ball, location: 23FF
2-2: Ball
3-2: Foul Ball, location: 9LSFF
3-2: TRIPLE (Line Drive, 89XD, EV 103.8 MPH)
Batting: SHB Jimmy Beard 0-0: Intentional Walk
Batting: LHB Dane Edgar 0-0: Swinging Strike
0-1: Fly out, F9 (Line Drive, 89S, EV 97.5 MPH)
Batting: RHB Chris Walker 0-0: Called Strike
0-1: Ball
1-1: Ball
2-1: Foul Ball, location: 3F
2-2: Strikes out swinging
Bottom of the 16th over - 0 runs, 1 hit, 0 errors, 2 left on base; Salt Lake 4 - Las Vegas 4
TOP OF THE 17TH
Salt Lake Bees batting - Pitching for Las Vegas Aviators : LHP Clint Lands
Pitching: LHP Kevin Gibson
Batting: RHB Beau Jones 0-0: Foul Ball, location: 9LDF
0-1: Foul Ball, location: 2F
0-2: Fly out, F2 (Popup, 23F, EV 74.4 MPH)
Batting: RHB Randy Greenway 0-0: Ball
1-0: SINGLE (Groundball, 4M, EV 105.0 MPH) (infield hit)
Batting: RHB Jorge Domínguez 0-0: Swinging Strike
0-1: Foul Ball, location: 2F
0-2: Ball
1-2: Ball
2-2: DOUBLE (Line Drive, 78M, EV 111.3 MPH)
Randy Greenway to third
Batting: RHB Danny Dodds 0-0: Called Strike
0-1: Foul Ball, location: 2F
0-2: Ball
1-2: Strikes out swinging
Batting: RHB Max Sowerby 0-0: Called Strike
0-1: Reached on error, E3 (Groundball, 3, EV 101.9 MPH)
Randy Greenway scores
Batting: RHB Erik Lane 0-0: Called Strike
0-1: Ball
1-1: Called Strike
1-2: Fly out, F7 (Flyball, 7S, EV 92.5 MPH)
Top of the 17th over - 1 run, 2 hits, 1 error, 2 left on base; Salt Lake 5 - Las Vegas 4
BOTTOM OF THE 17TH
Las Vegas Aviators batting - Pitching for Salt Lake Bees : RHP Willy Hernández
Batting: LHB Doug Park 0-0: Called Strike
0-1: Ball
1-1: Fly out, F9 (Line Drive, 89M, EV 88.1 MPH)
Batting: SHB Mitch Wagner 0-0: Ball
1-0: Ball
2-0: Ball
3-0: Base on Balls
Batting: SHB Esteban Martínez 0-0: Ball
1-0: Foul Ball, location: 25F
1-1: Foul Ball, location: 9LSF
1-2: Ball
2-2: Ball
3-2: Grounds into double play, 6-4-3 (Groundball, 6, EV 96.9 MPH)
Bottom of the 17th over - 0 runs, 0 hits, 0 errors, 0 left on base; Salt Lake 5 - Las Vegas 4
Friday, May 3rd , 2024 - OOTP Baseball 24.10 Build 82